 Zot Defence DCSS version 0.15.2 (webtiles) character file.

26615 hexophile the Severer (level 13, -13/130 HPs)
             Began as a Naga Fighter on Sept 28, 2015.
             Was a High Priest of Okawaru.
             Killed by the air
             ... invoked by a wind drake
              (17 damage)
             ... in the Realm of Zot (Scenario III: Two or Three?).
             The game lasted 00:16:06 (2510 turns).

hexophile the Severer (Naga Fighter)                Turns: 2510, Time: 00:16:06

HP -13/130       AC 13     Str 23      XL: 13   Next: 27%
MP  12/13        EV  4     Int  8      God: Okawaru [*****.]
Gold 0           SH 11     Dex 12      Spells:  0 memorised, 12 levels left

rFire  . . .     SeeInvis +     q - +3 war axe
rCold  . . .     Clarity  .     n - +0 plate armour
rNeg   . . .     rCorr    .     c - +0 shield
rPois  +         rRot     .     (no helmet)
rElec  .         Spirit   .     (no cloak)
SustAb .         Warding  .     (no gloves)
rMut   .         Stasis   .     (no barding)
Gourm  .                        (no amulet)
MR     +....                    (no ring)
                                (no ring)

@: heroism, very slow, somewhat resistant to hostile enchantments, extremely
unstealthy
A: spit poison, constrict 1, see invisible, deformed body, poison resistance,
slowness 2, AC +4
a: Make oklob sapling, Make arrow trap, Make plant, Remove Curse, Make burning
bush, Make altar, Make grenades, Make oklob plant, Make net trap, Make ice
statue, Make spear trap, Make alarm trap, Make mushroom circle, Make bolt trap,
Spit Poison, Heroism, Finesse, Renounce Religion


You were in the Realm of Zot.
You worshipped Okawaru.
Okawaru was extremely pleased with you.
You were not hungry.

You visited 1 branch

Inventory:

Hand weapons
 a - a +0 war axe
 o - a +3 mace
 p - a +2 great sword
 q - a +3 war axe (weapon)
Missiles
 m - 2 poisoned javelins (quivered)
Armour
 b - a +0 scale mail
 c - a +0 shield (worn)
 l - a troll hide
 n - a +0 plate armour (worn)
Comestibles
 f - a bread ration
Scrolls
 k - a scroll of blinking
Potions
 d - 2 potions of curing
 e - a potion of might
 h - a potion of haste
 i - 2 potions of magic
 j - a potion of berserk rage


   Skills:
 + Level 12.5(17.5) Fighting
 + Level 16.9(21.9) Axes
 - Level 3.3(8.3) Armour
 - Level 3.3(8.3) Shields


You had 12 spell levels left.
You didn't know any spells.

Dungeon Overview and Level Annotations

Branches:
    Zot (1/1)

Altars:
Okawaru


Innate Abilities, Weirdness & Mutations

You cannot wear boots.
You can spit poison.
You can use your snake-like lower body to constrict enemies.
Your serpentine skin is tough (AC +4).
You have supernaturally acute eyesight.
Armour fits poorly on your strangely shaped body.
Your system is resistant to poisons.
You cover ground very slowly.


Message History

The jelly hits the wight but does no damage.
You hit the wind drake.
The wind drake is almost dead.
Your plate armour prevents you from hitting the wind drake.
The wind drake is moderately wounded.
You slash the wind drake!
The wind drake is moderately wounded.
You constrict the wind drake.
The jelly jiggles.
Unknown command.
Drink which item? (? for menu, Esc to quit)
You feel better.
You constrict the wind drake!
The wind drake flaps its wings at something.
The air twists around and strikes you!
* * * LOW HITPOINT WARNING * * *
The wind drake exhales a fierce blast of wind!
The wind drake is blown away by the wind.
The wind drake flaps its wings at something.
The air twists around and strikes you!
You die...

▓▓▓▓.............................
▓▓▓▓▓▓.........................▓▓
∆∆∆▓ ▓▓▓.....................▓▓▓
∆∆∆▓ ▓▓▓.................▓▓▓ ▓∆▓▓
▓▓▓.............▓▓▓
▓∆▓▓▓▓▓▓▓▓▓▓▓▓.........▓▓▓▓▓▓▓▓▓▓
∆∆∆∆∆∆?▓▓▓▓▓▓▓▓......)▓▓▓▓▓▓▓▓/∆∆
▓∆▓▓▓▓▓▓▓▓▓▓▓▓..).k....▓▓▓▓▓▓▓▓▓▓
▓∆▓▓ ▓▓▓....@k)......▓▓▓ ∆∆∆▓
▓▓▓.....k)kkk.((....▓▓▓ ∆∆∆▓
▓▓▓....▓.zzVkCcSm..▓....▓▓▓
▓▓▓▓▓▓....▓▓▓▓cyJJJgJzz▓▓▓▓....▓▓
▓▓▓▓....▓▓▓


▓▓yJJJJJz▓▓ ▓▓▓.... ......▓▓▓ ▓▓▓▓▓▓▓▓▓ ▓▓▓.. ▓.▓▓▓▓▓▓▓▓▓▓▓▓▓▓▓▓▓▓▓▓▓▓▓▓▓▓▓▓▓▓▓
..▓▓▓....▓.................▓....▓ ..▓▓.....▓.................▓..... You could
see a titanic slime creature, a slime creature, a hill giant, 7 wind drakes, a
merfolk, Psama the mana viper, a vampire (invisible), 2 vampire mosquitoes, 2
centaurs, 7 jellies, 5 wights and a goblin.

Vanquished Creatures
  A catoblepas (Zot)
  A hill giant (Zot)
  A centaur zombie (Zot)
  A troll (Zot)
  2 yaktaurs (Zot)
  13 slime creatures (Zot)
  A wind drake (Zot)
  Prince Ribbit (Zot)
  2 deep elf magi (Zot)
  2 two-headed ogres (Zot)
  A hill giant zombie (Zot)
  A wraith (Zot)
  A tarantella (shapeshifter) (Zot)
  5 vampires (Zot)
  A vampire mosquito (Zot)
  A hill giant skeleton (Zot)
  A warg (shapeshifter) (Zot)
  A porcupine (Zot)
  2 steam dragons (Zot)
  A necrophage (Zot)
  4 orc warriors (Zot)
  3 phantoms (Zot)
  A manticore zombie (Zot)
  2 black bears (Zot)
  3 ogres (Zot)
  3 centaurs (Zot)
  8 boggarts (Zot)
  6 giant frogs (Zot)
  Sigmund (Zot)
  5 big kobolds (Zot)
  An eye of draining (Zot)
  An elf simulacrum (Zot)
  A hippogriff skeleton (Zot)
  6 jellies (Zot)
  22 wights (Zot)
  3 iguanas (Zot)
  An orc priest (Zot)
  An orc wizard (Zot)
  5 gnoll shamans (Zot)
  8 hounds (Zot)
  7 orange rats (Zot)
  A cyclops simulacrum (Zot)
  A porcupine zombie (Zot)
  3 worker ants (Zot)
  5 sheep (Zot)
  A crocodile skeleton (Zot)
  A hound zombie (Zot)
  10 adders (Zot)
  4 green rats (Zot)
  A worm zombie (Zot)
  2 shadow imps (Zot)
  A giant mite (Zot)
  A worm (Zot)
  5 adder zombies (Zot)
  A sheep zombie (Zot)
  A gnoll zombie (Zot)
  A human zombie (Zot)
  3 oozes (Zot)
  9 orcs (Zot)
  5 ball pythons (Zot)
  5 bat zombies (Zot)
  24 goblins (Zot)
  12 hobgoblins (Zot)
  5 quokkas (Zot)
  12 bats (Zot)
  4 giant cockroaches (Zot)
  2 giant cockroach zombies (Zot)
  7 giant newts (Zot)
  2 giant newt skeletons (Zot)
  2 giant newt zombies (Zot)
  10 goblin zombies (Zot)
  2 hobgoblin zombies (Zot)
  5 jackals (Zot)
  A jackal zombie (Zot)
  12 kobolds (Zot)
  2 kobold skeletons (Zot)
  2 kobold zombies (Zot)
  4 orc zombies (Zot)
  12 rats (Zot)
  A rat skeleton (Zot)
  2 rat zombies (Zot)
316 creatures vanquished.

Vanquished Creatures (collateral kills)
  A naga (Zot)
  A soldier ant (Zot)
  3 centaurs (Zot)
  A jelly (Zot)
  An orc (Zot)
  A bat (Zot)
  A goblin (Zot)
  10 giant spores (Zot)
19 creatures vanquished.

Vanquished Creatures (others)
  A phantom (Zot)
  A quasit (Zot)
  A worker ant (Zot)
  A goblin (Zot)
  A kobold (Zot)
  2 bats (Zot)
  A giant spore (Zot)
8 creatures vanquished.

Grand Total: 343 creatures vanquished

Notes
Turn   | Place    | Note
--------------------------------------------------------------
     0 | Zot      | hexophile, the Naga Fighter, began the quest for the Orb.
     0 | Zot      | Reached XP level 1. HP: 21/21 MP: 1/1
   264 | Zot      | Reached XP level 2. HP: 28/28 MP: 2/2
   319 | Zot      | Noticed Shuadghua
   388 | Zot      | Reached XP level 3. HP: 34/34 MP: 3/3
   404 | Zot      | Killed Shuadghua the giant frog
   404 | Zot      | Reached skill level 4 in Fighting
   404 | Zot      | Reached XP level 4. HP: 41/44 MP: 4/4
   404 | Zot      | Reached XP level 5. HP: 46/50 MP: 5/5
   555 | Zot      | Reached XP level 6. HP: 57/57 MP: 6/6
   587 | Zot      | Became a worshipper of Warmaster Okawaru
   644 | Zot      | Reached skill level 5 in Axes
   659 | Zot      | Reached XP level 7. HP: 55/64 MP: 7/7
   828 | Zot      | Noticed Sigmund
   856 | Zot      | Killed Sigmund
   856 | Zot      | Reached skill level 6 in Axes
   863 | Zot      | Reached skill level 7 in Axes
   866 | Zot      | Reached XP level 8. HP: 72/72 MP: 8/8
   910 | Zot      | Reached skill level 8 in Axes
   920 | Zot      | Reached skill level 9 in Axes
   923 | Zot      | Acquired Okawaru's first power
   928 | Zot      | Noticed Dyriymp
   978 | Zot      | Killed Dyriymp the troll
   978 | Zot      | Reached skill level 10 in Axes
   978 | Zot      | Reached XP level 9. HP: 78/78 MP: 9/9
  1020 | Zot      | Noticed Prince Ribbit
  1050 | Zot      | Killed Prince Ribbit
  1050 | Zot      | Reached skill level 11 in Axes
  1133 | Zot      | Reached skill level 12 in Axes
  1134 | Zot      | Noticed Rucsoesouc
  1171 | Zot      | Killed Rucsoesouc the catoblepas
  1171 | Zot      | Reached skill level 13 in Axes
  1171 | Zot      | Reached XP level 10. HP: 86/86 MP: 10/10
  1267 | Zot      | Reached skill level 5 in Fighting
  1445 | Zot      | Reached skill level 14 in Axes
  1611 | Zot      | Reached XP level 11. HP: 97/99 MP: 11/11
  1692 | Zot      | Noticed a pale draconian
  1695 | Zot      | Noticed a yellow draconian
  1695 | Zot      | Noticed a yellow draconian scorcher
  1702 | Zot      | Noticed a grey draconian
  1703 | Zot      | Noticed a golden dragon
  1709 | Zot      | Noticed an ice dragon
  1710 | Zot      | Noticed a death cob
  1711 | Zot      | Noticed an ice dragon
  1718 | Zot      | Noticed a tentacled monstrosity
  1729 | Zot      | Noticed a golden dragon
  1743 | Zot      | Noticed a golden dragon
  1794 | Zot      | Received a gift from Okawaru
  1794 | Zot      | Reached skill level 15 in Axes
  1835 | Zot      | Noticed a storm dragon
  1846 | Zot      | Reached XP level 12. HP: 64/116 MP: 12/12
  1855 | Zot      | Reached skill level 10 in Fighting
  1959 | Zot      | Reached skill level 16 in Axes
  2038 | Zot      | Acquired Okawaru's second power
  2371 | Zot      | Reached XP level 13. HP: 98/128 MP: 13/13
  2510 | Zot      | HP: 4/130 [wind drake/the air (12)]
  2510 | Zot      | Killed from afar by a wind drake

Action                   |  1- 3 |  4- 6 |  7- 9 | 10-12 | 13-15 || total
-------------------------+-------+-------+-------+-------+-------++-------
Melee: War axe           |    41 |   102 |   214 |   452 |    98 ||   907
Throw: Javelin           |       |       |       |     2 |       ||     2
Invok: Heroism           |       |       |       |     1 |     1 ||     2
 Abil: Make altar        |       |     1 |       |       |       ||     1
       Make grenades     |       |       |       |     4 |       ||     4
       Spit Poison       |       |       |       |     3 |       ||     3
  Use: Potion            |       |       |       |       |     2 ||     2
